 Dungeon Crawl Stone Soup version 0.31-a0-174-g85c54bcb58 (webtiles) character file.

Game seed: 3760938175788686511

585 qw the Chopper (level 7, -9/43 HPs)
             Began as a Gargoyle Fighter on June 15, 2023.
             Mangled by an ogre
             ... wielding a +0 giant spiked club
              (16 damage)
             ... on level 5 of the Dungeon.
             The game lasted 00:02:04 (4512 turns).

qw the Chopper (Gargoyle Fighter)                   Turns: 4512, Time: 00:02:05

Health: -9/43      AC: 20    Str: 21    XL:     7   Next: 37%
Magic:  7/7        EV:  5    Int:  9    God:
Gold:   250        SH:  4    Dex:  9    Spells: 6/6 levels left

rFire   . . .        Y - +0 war axe
rCold   . . .        c - +0 buckler
rNeg    + . .        h - +4 plate armour
rPois   inf          (no helmet)
rElec   +            (no cloak)
rCorr   .            (no gloves)
SInv    .            (no boots)
Will    .....        (no amulet) Stlth
                     (no ring)
HPRegen 0.27/turn    (no ring)
MPRegen 0.10/turn

%: no passive effects
@: about to teleport
A: sickness immunity, AC +4, negative energy resistance 1, electricity
resistance, torment resistance 1, petrification resistance
a: no special abilities


You were on level 5 of the Dungeon.
You visited 1 branch of the dungeon, and saw 5 of its levels.

You collected 250 gold pieces.


Innate Abilities, Weirdness & Mutations

You are immune to sickness and miasma.
Your stone body is resilient. (AC +4)
You are immune to poison.
You resist negative energy. (rN+)
You are resistant to electric shocks. (rElec)
You are resistant to unholy torment.
You are immune to petrification.


   Skills:
 - Level 4.2 Fighting
 + Level 6.9 Axes
 - Level 3.2 Armour
 - Level 3.2 Shields


You had 6 spell levels left.
You didn't know any spells.
Your spell library was empty.

Inventory:

Hand Weapons
 i - a +0 flail
 Y - a +0 war axe (weapon)
Missiles
 m - 2 boomerangs (quivered)
Armour
 c - a +0 buckler (worn)
 h - a +4 plate armour (worn)
Scrolls
 e - 3 scrolls of identify
 g - a scroll of amnesia {unknown}
Potions
 b - a potion of magic
 d - 2 potions of might
 f - a potion of attraction
 j - a potion of mutation
 k - a potion of lignification
 l - a potion of ambrosia {unknown}
 n - 2 potions of heal wounds {unknown}
 o - a potion of curing {unknown}

Dungeon Overview and Level Annotations

Branches:
Dungeon (5/15)
 Temple: D:4-7

Altars:

Annotations:
D:3 1 runed translucent door, Crazy Yiuf
D:5 Grinder


Message History

The ice beast hits you but does no damage.
You hit the ice beast but do no damage.
The ice beast is almost dead.
The ice beast hits you but does no damage.
You closely miss the ice beast.
The ice beast is almost dead.
The ice beast hits you but does no damage. x2
You hit the ice beast.
You kill the ice beast!
You hit the ogre.
The ogre is lightly wounded.
The ogre barely misses you.
You barely miss the ogre.
The ogre is lightly wounded.
You slash the ogre!
The ogre is moderately wounded.
The ogre hits you with a +0 giant spiked club!
You hit the ogre but do no damage.
The ogre is moderately wounded.
The ogre hits you with a +0 giant spiked club!
You slash the ogre!
The ogre is almost dead.
Grinder says, "You look like you could use a good racking."
The ogre closely misses you.
You hit the ogre.
The ogre is almost dead.
Grinder blinks!
The ogre barely misses you.
You barely miss the ogre.
The ogre is almost dead.
You barely miss the ogre.
The ogre is almost dead.
The ogre barely misses you.
You barely miss the ogre.
The ogre is almost dead.
The ogre hits you with a +0 giant spiked club.
4512 ||| READING scroll of teleportation.
As you read the scroll of teleportation, it crumbles to dust.
You feel strangely unstable.
The ogre hits you with a +0 giant spiked club!
You die...

#..#####.
########).#####.
.........)......
.#######..#####.
##)..## #.....####.#
##.O5......#
##O######## #@# ## #.#
..# ##'## #.# ##...##
##.# ##.....## ##..#
##.......##
#####...####.........#
...........+....[....+
#####...####.........#


You could see Grinder and 2 ogres.

Vanquished Creatures
  An ice beast (D:5)
  2 phantoms (D:5)
  2 scorpions
  A hound (D:4)
  A jelly (D:4)
  An iguana (D:4)
  3 adders
  A white imp (D:5)
  An ufetubus (D:4)
  2 dart slugs
  12 orcs
  8 ball pythons
  5 endoplasms
  3 giant cockroaches
  13 goblins
  5 hobgoblins
  6 jackals
  5 kobolds
  5 quokkas
  4 bats (D:1)
  3 frilled lizards
  6 rats
90 creatures vanquished.

Notes
Turn   | Place    | Note
-------+----------+-------------------------------------------
     0 | D:1      | qw the Gargoyle Fighter began the quest for the Orb.
     0 | D:1      | Reached XP level 1. HP: 14/14 MP: 1/1
     0 | D:1      | 0 ||| qw: Version: 0.2-a-29-g511e9b1
     0 | D:1      | 0 ||| qw: Game counter: 5221
     0 | D:1      | 0 ||| qw: Always use a shield: true
     0 | D:1      | 0 ||| qw: God list: Okawaru
     0 | D:1      | 0 ||| qw: Allow faded altars: false
     0 | D:1      | 0 ||| qw: Do Orc after D:15 true
     0 | D:1      | 0 ||| qw: Do second Lair branch before Depths: true
     0 | D:1      | 0 ||| qw: Lair rune preference: random
     0 | D:1      | 0 ||| qw: Plans: Normal, Zot:1-4, Slime:5, God:TSO, Crypt,
                  | Tomb, Abyss, Pan, Hells, Win
     0 | D:1      | 0 ||| PLANNING D:1-11
    27 | D:1      | Reached skill level 2 in Axes
   275 | D:1      | Reached XP level 2. HP: 19/19 MP: 2/2
   491 | D:1      | 491 ||| Stepping ~*~*~tactically~*~*~ (water).
   623 | D:1      | 623 ||| Stepping ~*~*~tactically~*~*~ (stealth).
   635 | D:1      | Reached skill level 3 in Axes
   638 | D:1      | 638 ||| Stepping ~*~*~tactically~*~*~ (stealth).
   650 | D:1      | Reached XP level 3. HP: 17/23 MP: 3/3
   664 | D:1      | 664 ||| Stepping ~*~*~tactically~*~*~ (stealth).
  1247 | D:1      | 1247 ||| UPGRADING to +0 plate armour.
  1257 | D:1      | 1257 ||| DROPPING +0 scale mail.
  1258 | D:1      | 1258 ||| READING 4 scrolls labelled UJEORPHAEPO.
  1259 | D:1      | 1259 ||| READING 3 scrolls of enchant armour.
  1259 | D:1      | 1259 ||| ENCHANTING +0 plate armour.
  1260 | D:1      | 1260 ||| READING 2 scrolls of enchant armour.
  1260 | D:1      | 1260 ||| ENCHANTING +1 plate armour.
  1261 | D:1      | 1261 ||| READING scroll of enchant armour.
  1261 | D:1      | 1261 ||| ENCHANTING +2 plate armour.
  1262 | D:1      | 1262 ||| READING scroll labelled JOWAUJO UDEUN.
  1263 | D:1      | 1263 ||| READING 2 scrolls labelled XOOCWOA SANUG.
  1264 | D:1      | 1264 ||| DROPPING scroll of immolation.
  1603 | D:2      | Found a faded altar of an unknown god.
  1709 | D:2      | Reached XP level 4. HP: 28/28 MP: 4/4
  1823 | D:2      | Reached skill level 4 in Axes
  2053 | D:2      | 2053 ||| READING scroll labelled LEMIEF OCA.
  2058 | D:2      | 2058 ||| READING 3 scrolls labelled IGORYDW XEIMN.
  2059 | D:2      | 2059 ||| READING 2 scrolls labelled MIFRYMETT.
  2078 | D:2      | 2078 ||| READING scroll labelled VEACEITERUF.
  2079 | D:2      | 2079 ||| READING scroll labelled CUCKUTT JUORE.
  2080 | D:2      | 2080 ||| DRINKING 2 bubbling cyan potions.
  2127 | D:2      | 2127 ||| READING 2 scrolls of identify.
  2127 | D:2      | 2127 ||| IDENTIFYING sapphire potion
  2128 | D:2      | 2128 ||| DROPPING scroll of torment.
  2797 | D:3      | 2797 ||| DROPPING +0 club.
  3000 | D:3      | Found a runed translucent door.
  3001 | D:3      | Noticed Crazy Yiuf
  3004 | D:3      | 3004 ||| DRINKING 2 ruby potions.
  3097 | D:4      | Reached XP level 5. HP: 16/32 MP: 5/5
  3097 | D:4      | 3097 ||| FLEEEEING.
  3098 | D:4      | 3098 ||| FLEEEEING.
  3099 | D:4      | 3099 ||| FLEEEEING.
  3103 | D:4      | 3103 ||| FLEEEEING.
  3107 | D:4      | 3107 ||| STAIRDANCE
  3702 | D:4      | Reached skill level 5 in Axes
  3862 | D:4      | Reached XP level 6. HP: 38/38 MP: 6/6
  3896 | D:4      | 3896 ||| READING scroll labelled TIP BOLEZYKHLE.
  3897 | D:4      | 3897 ||| READING 3 scrolls of identify.
  3897 | D:4      | 3897 ||| IDENTIFYING bubbling amethyst potion
  3898 | D:4      | 3898 ||| READING 2 scrolls of identify.
  3898 | D:4      | 3898 ||| IDENTIFYING green potion
  3899 | D:4      | 3899 ||| DROPPING potion of degeneration.
  3926 | D:5      | Entered Level 5 of the Dungeon
  3932 | D:5      | 3932 ||| STAIRDANCE
  3937 | D:4      | HP: 9/38 [acid (5)]
  4052 | D:5      | 4052 ||| READING scroll of enchant armour.
  4052 | D:5      | 4052 ||| ENCHANTING +3 plate armour.
  4204 | D:5      | Reached skill level 6 in Axes
  4325 | D:5      | 4325 ||| Stepping ~*~*~tactically~*~*~ (hiding).
  4392 | D:5      | 4392 ||| FLEEEEING.
  4393 | D:5      | 4393 ||| FLEEEEING.
  4394 | D:5      | 4394 ||| FLEEEEING.
  4395 | D:5      | 4395 ||| FLEEEEING.
  4396 | D:5      | 4396 ||| FLEEEEING.
  4446 | D:5      | 4446 ||| FLEEEEING.
  4447 | D:5      | 4447 ||| FLEEEEING.
  4449 | D:5      | 4449 ||| FLEEEEING.
  4450 | D:5      | 4450 ||| FLEEEEING.
  4451 | D:5      | 4451 ||| FLEEEEING.
  4452 | D:5      | 4452 ||| FLEEEEING.
  4456 | D:5      | 4456 ||| FLEEEEING.
  4457 | D:5      | 4457 ||| FLEEEEING.
  4458 | D:5      | 4458 ||| FLEEEEING.
  4459 | D:5      | 4459 ||| FLEEEEING.
  4460 | D:5      | 4460 ||| FLEEEEING.
  4461 | D:5      | 4461 ||| FLEEEEING.
  4462 | D:5      | 4462 ||| FLEEEEING.
  4463 | D:5      | 4463 ||| FLEEEEING.
  4464 | D:5      | 4464 ||| FLEEEEING.
  4465 | D:5      | 4465 ||| FLEEEEING.
  4466 | D:5      | 4466 ||| FLEEEEING.
  4467 | D:5      | 4467 ||| FLEEEEING.
  4468 | D:5      | 4468 ||| FLEEEEING.
  4469 | D:5      | 4469 ||| FLEEEEING.
  4470 | D:5      | 4470 ||| FLEEEEING.
  4471 | D:5      | 4471 ||| FLEEEEING.
  4473 | D:5      | 4473 ||| FLEEEEING.
  4474 | D:5      | 4474 ||| FLEEEEING.
  4481 | D:5      | Noticed an ice beast
  4483 | D:5      | Noticed Grinder
  4494 | D:5      | Reached XP level 7. HP: 43/43 MP: 7/7
  4511 | D:5      | HP: 7/43 [ogre/+0 giant spiked club (6)]
  4512 | D:5      | 4512 ||| READING scroll of teleportation.
  4512 | D:5      | Mangled by an ogre

Levels and vault maps discovered:
D:1:      dpeg_arrival_boxorama, layout_basic, serial_bayou,
          serial_bayou_pond_c, serial_bayou_pond_e, serial_bayou_crossing,
          serial_bayou_shore_a, serial_bayou_ford_a
D:2:      layout_loops_cross, ebering_ecumenical_altar_webs, minmay_tromino_v4_c
D:3:      layout_loops_corners, uniq_crazy_yiuf_cottage
D:4:      layout_loops_ring
D:5:      layout_loops_corners, temple_hall, nicolae_shop_gadgets, uniq_grinder

Skill      XL: |  1  2  3  4  5  6 |
---------------+-------------------+-----
Axes           | 2 3 4 5 6 |  6.9
Fighting       | 4 |  4.2
Armour         | |  3.2
Shields        | |  3.2

Action                     |  1- 3 |  4- 6 |  7- 9 || total
---------------------------+-------+-------+-------++-------
  Melee: War axe           |   109 |   207 |    18 ||   334
  Throw: Boomerang         |       |     4 |       ||     4
    Use: Scroll            |     6 |    10 |     1 ||    17
         Potion            |       |     2 |       ||     2
 Armour: Scale mail        |    36 |       |       ||    36
         Plate armour      |    26 |   155 |     6 ||   187
  Dodge: Dodged            |    44 |    52 |     4 ||   100
  Block: Buckler           |    15 |    40 |     3 ||    58

Table legend:
 A = Non-vault XP
 B = Vault XP
 C = Vault XP percentage of total XP
 D = Non-vault monster count
 E = Vault monster count
 F = Vault count percentage of total count
                 A         B        C        D         E       F
            +---------+---------+-------+---------+---------+-------
      Total |     833 |       3 |   0.4 |      88 |       2 |   2.2
            +---------+---------+-------+---------+---------+-------
        D:1 |      51 |       0 |   0.0 |      30 |       0 |   0.0
        D:2 |      47 |       3 |   6.0 |      14 |       2 |  12.5
        D:3 |      43 |       0 |   0.0 |      15 |       0 |   0.0
        D:4 |     239 |       0 |   0.0 |      18 |       0 |   0.0
        D:5 |     453 |       0 |   0.0 |      11 |       0 |   0.0
            +---------+---------+-------+---------+---------+-------
